 Dungeon Crawl Stone Soup version 0.27.1-34-g3ba077fa99 (webtiles) character file.

Game seed: 8345760813849604589

2219 Dadi the Fighter (level 9, -1/86 HPs)
             Began as a Minotaur Fighter on Jan 4, 2022.
             Was an Initiate of Okawaru.
             Slain by a gnoll sergeant (6 damage)
             ... in a bailey.
             The game lasted 00:14:06 (7859 turns).

Dadi the Fighter (Minotaur Fighter)                 Turns: 7859, Time: 00:14:07

Health: -1/86      AC:  9    Str: 21 (24) XL:     9   Next: 13%
Magic:  8/8        EV:  7    Int:  2 (5)  God:    Okawaru [......]
Gold:   303        SH:  9    Dex:  7 (10) Spells: 8/8 levels left

rFire    . . .     SeeInvis .   a - +1 long sword
rCold    . . .     Faith    .   c - +0 kite shield
rNeg     . . .     Spirit   .   b - +0 scale mail
rPois    .         Reflect  .   (helmet restricted)
rElec    .         Harm     .   C - +0 cloak
rCorr    .         Rampage  .   j - +0 pair of gloves
Will     .....                  (no boots)
Stlth    ..........             (no amulet)
HPRegen  0.24/turn              (no ring)
MPRegen  0.11/turn              (no ring)

@: slowed, very slow
A: horns 2, retaliatory headbutt
a: Renounce Religion


You were in a bailey.
You worshipped Okawaru.
Okawaru was noncommittal.
You visited 2 branches of the dungeon, and saw 8 of its levels.
You also visited: Bailey.

You collected 303 gold pieces.

Inventory:

Hand Weapons
 a - a +1 long sword (weapon)
Missiles
 e - 5 throwing nets (quivered)
Armour
 b - a +0 scale mail (worn)
 c - a +0 kite shield (worn)
 h - a +0 plate armour
 j - a +0 pair of gloves (worn)
 n - a scarf of harm
 C - a +0 cloak (worn)
Wands
 q - a wand of flame (31)
 u - a wand of mindburst (6)
 y - a wand of iceblast (13)
Scrolls
 f - 3 scrolls of identify
 g - 2 scrolls of enchant weapon
 v - a scroll of teleportation
Potions
 d - a potion of might
 i - a potion of invisibility {unknown}
 k - a potion of lignification
 l - a potion of brilliance {unknown}
 o - a potion of attraction {unknown}
 p - 2 potions of degeneration
 r - a potion of mutation {unknown}
 w - a potion of heal wounds {unknown}
 x - a potion of berserk rage {unknown}
 z - a potion of flight {unknown}


   Skills:
 + Level 10.8 Fighting
 + Level 10.4 Long Blades
 + Level 3.6 Armour
 - Level 3.6 Shields


You had 8 spell levels left.
You didn't know any spells.
Your spell library contained the following spells:

 Spells                   Type           Power      Damage    Failure   Level
 Foxfire                  Conj/Fire      0%         2x1d4     100%        1
 Slow                     Hex            0%         N/A       100%        2
 Confusing Touch          Hex            0%         N/A       100%        3
 Conjure Flame            Conj/Fire      0%         6-21      100%        3
 Inner Flame              Hex/Fire       0%         N/A       100%        3
 Ozocubu's Armour         Ice            0%         N/A       100%        3
 Metabolic Englaciation   Hex/Ice        0%         N/A       100%        5
 Yara's Violent Unravell  Hex/Tmut       0%         3d3       100%        5
 Simulacrum               Ice/Necr       0%         N/A       100%        6


Dungeon Overview and Level Annotations

Branches:
Dungeon (7/15)             Temple (1/1) D:6          Bailey (1/1)

Altars:
Ashenzari
Cheibriados
Dithmenos
Elyvilon
Fedhas
Gozag
Hepliaklqana
Kikubaaqudgha
Makhleb
Nemelex Xobeh
Okawaru
Qazlal
Ru
Sif Muna
Trog
Vehumet
Wu Jian
Xom
Yredelemnul
Zin
The Shining One

Shops:
D:6 :


Innate Abilities, Weirdness & Mutations

You have a pair of horns on your head.
You reflexively headbutt those who attack you in melee.


Message History

The curare-tipped dart hits you.
You are poisoned.
You have difficulty breathing.
You feel as though you will be slow longer.
The gnoll sergeant throws a curare-tipped dart.
The curare-tipped dart barely misses you.
Okay, then.
You feel better.
The gnoll sergeant throws a curare-tipped dart.
You block the curare-tipped dart. You block the gnoll sergeant's attack.
The gnoll sergeant hits you with a +0 halberd!
Things that are here:
a +0 spear; a +0 scale mail You hit the gnoll sergeant but do no damage.
The gnoll sergeant barely misses you.
You hit the gnoll sergeant.
The gnoll sergeant is lightly wounded.
The gnoll sergeant hits you with a +0 halberd!
* * * LOW HITPOINT WARNING * * *
You block the gnoll sergeant's attack.
You hit the gnoll sergeant.
Your headbutt misses the gnoll sergeant.
The gnoll sergeant is moderately wounded.
You block the gnoll sergeant's attack.
You hit the gnoll sergeant but do no damage.
The gnoll sergeant is moderately wounded.
You block the gnoll sergeant's attack.
The gnoll sergeant hits you with a +0 halberd!
* * * LOW HITPOINT WARNING * * *
You hit the gnoll sergeant but do no damage.
The gnoll sergeant is moderately wounded.
The gnoll sergeant hits you with a +0 halberd.
* * * LOW HITPOINT WARNING * * *
You hit the gnoll sergeant but do no damage.
The gnoll sergeant is moderately wounded.
The gnoll sergeant hits you with a +0 halberd!
* * * LOW HITPOINT WARNING * * *
The gnoll sergeant hits you with a +0 halberd.
You die...

♣.♣ ♣♣)♣♣
♣♣♣♣.).♣♣
♣♣.......♣♣♣♣
♣♣♣.)...).....♣♣
♣♣...))..........
♣♣≈≈≈≈≈≈≈)..≈≈≈≈≈≈
♣≈≈...)...........
♣≈.)....@.........
♣≈.######g''######
♣≈.# #...# ♣≈##
#...# ♣≈ #...# ♣≈
##'## ♣≈ g..# ♣≈
....# ♣≈ .....#


You could see a gnoll sergeant.

Vanquished Creatures
  Eustachio (D:6)
  A water moccasin (D:5)
  A black bear (D:5)
  A necrophage (D:5)
  2 ogres (D:5)
  2 centaurs
  A phantom (D:5)
  A scorpion (D:5)
  A gnoll sergeant (Bailey)
  2 water moccasin zombies
  A howler monkey (D:5)
  2 bullfrog zombies
  2 centaur zombies
  Crazy Yiuf (D:6)
  3 hounds
  An orc priest (D:5)
  A centaur skeleton (D:2)
  3 gnoll shamans
  3 bullfrog skeletons
  3 iguanas
  Terence (D:2)
  5 orc wizards
  A killer bee zombie (D:7)
  A hound zombie (D:5)
  Robin (D:3)
  A howler monkey zombie (D:5)
  A howler monkey skeleton (D:4)
  5 adders
  20 gnolls
  A shadow imp (D:6)
  A white imp (D:5)
  An ufetubus (D:6)
  An adder skeleton (D:4)
  An adder zombie (D:5)
  A dart slug (D:5)
  14 orcs
  7 ball pythons
  3 bats
  10 endoplasms
  4 giant cockroaches
  12 goblins
  9 hobgoblins
  2 jackals (D:1)
  A quokka (D:1)
  6 frilled lizards
  5 kobolds
  5 rats
153 creatures vanquished.

Vanquished Creatures (others)
  An orc wizard (D:4)
  4 withered plants (D:5)
5 creatures vanquished.

Grand Total: 158 creatures vanquished

Notes
Turn   | Place    | Note
-------+----------+-------------------------------------------
     0 | D:1      | Dadi the Minotaur Fighter began the quest for the Orb.
     0 | D:1      | Reached XP level 1. HP: 19/19 MP: 0/0
   215 | D:1      | Reached XP level 2. HP: 21/27 MP: 1/1
   701 | D:1      | Reached XP level 3. HP: 25/34 MP: 2/2
  1166 | D:2      | Noticed Terence
  1172 | D:2      | Killed Terence
  1184 | D:2      | Reached skill level 5 in Fighting
  1184 | D:2      | Reached XP level 4. HP: 31/42 MP: 3/3
  1728 | D:3      | Found a faded altar of an unknown god.
  2003 | D:3      | Reached XP level 5. HP: 48/48 MP: 4/4
  2432 | D:3      | Noticed Robin
  2440 | D:3      | Reached skill level 5 in Long Blades
  2442 | D:3      | Killed Robin
  2952 | D:4      | Reached XP level 6. HP: 51/58 MP: 5/5
  3442 | D:5      | Entered Level 5 of the Dungeon
  3712 | D:5      | Reached XP level 7. HP: 10/66 MP: 6/6
  4607 | D:5      | Reached XP level 8. HP: 56/75 MP: 7/7
  5390 | D:6      | Noticed Eustachio
  5717 | D:6      | Killed Eustachio
  5718 | D:6      | Reached skill level 10 in Fighting
  5928 | D:6      | Found a staircase to the Ecumenical Temple.
  5937 | Temple   | Entered the Ecumenical Temple
  6225 | Temple   | Became a worshipper of Warmaster Okawaru
  6465 | D:6      | Found Miumof's Book Shoppe.
  6503 | D:6      | Reached skill level 10 in Long Blades
  6690 | D:6      | Found a runed translucent door.
  6691 | D:6      | Noticed Crazy Yiuf
  6908 | D:6      | Killed Crazy Yiuf
  6997 | D:7      | Found a flagged portal.
  7131 | Bailey   | Entered a bailey
  7144 | Bailey   | Reached XP level 9. HP: 83/86 MP: 8/8
  7328 | Bailey   | Reached * piety under Okawaru
  7859 | Bailey   | Slain by a gnoll sergeant

Illustrated notes

Levels and vault maps discovered:
D:1:      minmay_arrival_cross, layout_basic, serial_bayou,
          serial_bayou_shore_b, serial_bayou_shore_a, serial_bayou_pond_c,
          serial_bayou_ford_a
D:2:      layout_rooms, uniq_terence
D:3:      layout_basic, basic_ecumenical_altar, kennysheep_generic_room_15,
          uniq_robin
D:4:      layout_loops_ring
D:5:      layout_basic, serial_undead, serial_undead_f, serial_undead_e,
          serial_undead_c, serial_undead_c
D:6:      layout_basic, minmay_temple_entry_large_hall, serial_shops,
          kennysheep_mini, uniq_eustachio, uniq_crazy_yiuf_cottage
D:7:      layout_rooms, enter_bailey_5, hangedman_misty_isle, uniq_duvessa,
          uniq_prince_ribbit1
Temple:   regret_index_temple_sigil_plot
Bailey:   bailey_polearm_gnolls_kennysheep, bailey

Skill      XL: |  1  2  3  4  5  6  7  8 |
---------------+-------------------------+-----
Fighting       | 4 5 6 7 8 10 | 10.8
Long Blades    | 3 4 5 6 8 10 | 10.4
Armour         | |  3.6
Shields        | |  3.6

Action                   |  1- 3 |  4- 6 |  7- 9 || total
-------------------------+-------+-------+-------++-------
Melee: Long sword        |    70 |   168 |   202 ||   440
       Headbutt          |     9 |    32 |    48 ||    89
  Use: Scroll            |       |       |     8 ||     8
       Potion            |       |       |     5 ||     5
Armor: Scale mail        |    28 |    95 |    84 ||   207
       Skin              |       |       |     4 ||     4
Dodge: Dodged            |    19 |    45 |    78 ||   142
Block: Kite shield       |    39 |    89 |   161 ||   289
       Rpst.: Long sword |     6 |    11 |    18 ||    35
